 Dungeon Crawl Stone Soup version 0.27-a0-1565-gad902ab807 (webtiles) character file.

Game seed: 2351472121764189911

914 gimp the Covered (level 8, -2/62 HPs)
             Began as a Formicid Wanderer on July 16, 2021.
             Was a Believer of Okawaru.
             Slain by a yak (13 damage)
             ... on level 5 of the Dungeon.
             The game lasted 00:09:18 (4776 turns).

gimp the Covered (Formicid Wanderer)                Turns: 4776, Time: 00:09:18

Health: -2/62      AC: 13    Str: 18    XL:     8   Next: 30%
Magic:  11/12      EV: 11    Int: 11    God:    Okawaru [**....]
Gold:   998        SH: 19    Dex: 12    Spells: 13/13 levels left

rFire    . . .     SeeInvis +   b - +1 hand axe
rCold    . . .     Faith    .   c - +2 kite shield {AC+3}
rNeg     . . .     Spirit   .   j - +0 scale mail
rPois    .         Reflect  +   (helmet unavailable)
rElec    .         Harm     .   (no cloak)
rCorr    .         Rampage  +   (no gloves)
Will     .....                  e - +0 pair of boots {rampage}
Stlth    +.........             f - amulet of reflection
HPRegen  0.20/turn              (no ring)
MPRegen  0.13/turn              (no ring)

@: heroic
A: permanent stasis, dig shafts and tunnels, antennae 3, four strong arms, noise
suppression
a: Dig, Shaft Self, Renounce Religion, Heroism


You were on level 5 of the Dungeon.
You worshipped Okawaru.
Okawaru was pleased with you.
You visited 2 branches of the dungeon, and saw 7 of its levels.

You collected 998 gold pieces.

Inventory:

Hand Weapons
 a - a +2 mace
 b - a +1 hand axe (weapon)
Missiles
 g - 2 throwing nets
 p - 15 poisoned darts
Armour
 c - a +2 kite shield of protection (worn)
 e - a +0 pair of boots of rampaging (worn)
 j - a +0 scale mail (worn)
Jewellery
 f - an amulet of reflection (around neck)
 n - an amulet of faith
Wands
 m - a wand of flame (9) (quivered)
Scrolls
 h - a scroll of teleportation {unknown}
 i - a scroll of enchant armour {unknown}
 l - a scroll of summoning {unknown}
Potions
 d - a potion of mutation
 k - a potion of attraction


   Skills:
 - Level 5.0(10.0) Fighting
 * Level 1.7(7.6) Axes
 - Level 3.0(8.2) Maces & Flails
 + Level 5.7(10.7) Armour
 + Level 5.6(10.6) Shields
 - Level 3.2 Spellcasting
 - Level 2.0 Invocations
 - Level 2.1 Evocations


You had 13 spell levels left.
You didn't know any spells.
Your spell library contained the following spells:

 Spells                   Type           Power      Damage    Failure   Level
 Apportation              Tloc           2%         N/A       54%         1
 Corona                   Hex            1%         N/A       54%         1
 Summon Small Mammal      Summ           4%         N/A       54%         1
 Call Canine Familiar     Summ           1%         N/A       89%         3
 Conjure Flame            Conj/Fire      1%         6-21      89%         3
 Dazzling Flash           Conj/Hex       2%         N/A       89%         3
 Gell's Gravitas          Tloc           0%         N/A       89%         3
 Ignite Poison            Fire/Tmut/Pois 1%         N/A       89%         3
 Summon Guardian Golem    Hex/Summ       1%         N/A       89%         3
 Animate Dead             Necr           0%         N/A       100%        4
 Sticky Flame             Conj/Fire      1%         2d3       100%        4
 Haunt                    Necr/Summ      0%         N/A       100%        7
 Infestation              Necr           0%         N/A       100%        8


Dungeon Overview and Level Annotations

Branches:
Dungeon (6/15)             Temple (1/1) D:6

Altars:
Ashenzari
Cheibriados
Dithmenos
Elyvilon
Fedhas
Gozag
Hepliaklqana
Makhleb
Nemelex Xobeh
Okawaru
Qazlal
Ru
Sif Muna
Trog
Uskayaw
Vehumet
Wu Jian
Xom
Yredelemnul
Zin
The Shining One

Annotations:
D:3 1 runed translucent door, Spaninq's ghost, amateur DjWz
D:4 Blork the orc; Dowan; Duvessa


Innate Abilities, Weirdness & Mutations

You cannot be hasted, slowed, berserked, paralysed or teleported.
You can dig through walls and to a lower floor.
You have a pair of large antennae on your head. (SInv)
Your four strong arms can wield two-handed weapons with a shield.
You passively dampen the noise of your surroundings.


Message History

You block the yak's attack.
You gain the combat prowess of a mighty hero.
The yak gores you!
You take 9 damage, and have 21/62 hp.
You now have 10/12 mp.
You hit the yak.
The yak is moderately wounded.
You block the yak's attack.
You hit the yak.
The yak is moderately wounded.
The yak gores you!
* * * LOW HITPOINT WARNING * * *
You take 7 damage, and have 14/62 hp.
You hit the yak.
The yak is heavily wounded.
The yak gores you but does no damage.
You slash the yak!
The yak is severely wounded.
You block the yak's attack.
You hit the yak.
The yak is severely wounded.
The yak gores you!
* * * LOW HITPOINT WARNING * * *
You take 9 damage, and have 5/62 hp.
You barely miss the yak.
The yak is severely wounded.
You hit the yak but do no damage.
The yak is severely wounded.
You block the yak's attack.
You closely miss the yak.
The yak is heavily wounded.
You block the yak's attack.
You feel better. You block the yak's attack.
You regained 5 hp, and now have 11/62 hp.
You hit the yak.
The yak is heavily wounded.
You block the yak's attack.
You hit the yak.
The yak is severely wounded.
The yak gores you!
You die...

#######..# #.# #.# ......#.# #.#
##.....#.# #.# .......#.# #.#
.##.....#.# #.# .#.....#.###.#
#+#.......#...#.#
#.#....#..#Y#.#.#
#######.##......@##.#.#
.#...(............#.#.#
.+..............#.#.#.#
.#.....###.######.#.#.#
.........#........#.#.#
.......#.#........#.#.#
......)#.#.#....#.#...##########
[......#.#.#.##.#.#.#.#........#
..#...##.#.#.##.#.#.#†#.#####.##


You could see a yak.

Vanquished Creatures
  2 yaks (D:5)
  A hornet zombie (D:6)
  An ice beast (D:6)
  A scorpion (D:6)
  A hound (D:6)
  A bullfrog zombie (D:6)
  2 jellies (D:6)
  A centaur skeleton (D:6)
  Terence (D:3)
  An iguana (D:6)
  An orc wizard (D:6)
  3 gnolls
  A howler monkey skeleton (D:6)
  5 adders
  A shadow imp (D:6)
  A white imp (D:5)
  2 worms
  4 orcs
  6 bats
  3 endoplasms
  2 giant cockroaches (D:2)
  8 hobgoblins
  4 kobolds
  3 quokkas
  6 ball pythons
  3 goblins
  6 rats
71 creatures vanquished.

Notes
Turn   | Place    | Note
-------+----------+-------------------------------------------
     0 | D:1      | gimp the Formicid Wanderer began the quest for the Orb.
     0 | D:1      | gimp set off with the following items: a +2 mace, a +0
                  | robe; and the following spells available to memorise:
                  | Apportation, Corona, Dazzling Flash, Gell's Gravitas
     0 | D:1      | Reached XP level 1. HP: 15/15 MP: 4/4
   293 | D:1      | Reached XP level 2. HP: 22/22 MP: 6/6
   502 | D:1      | Identified 3 scrolls of acquirement
   502 | D:1      | Acquired a +2 kite shield of protection
   503 | D:1      | Acquired 824 gold pieces
   504 | D:1      | Acquired a +0 pair of boots of rampaging
   873 | D:2      | Reached XP level 3. HP: 27/27 MP: 7/7
   968 | D:2      | Reached skill level 1 in Shields
  1228 | D:2      | Found a glowing golden altar of the Shining One.
  1284 | D:1      | Reached XP level 4. HP: 8/34 MP: 8/8
  1825 | D:2      | Found a faded altar of an unknown god.
  2040 | D:3      | Noticed Terence
  2058 | D:3      | Killed Terence
  2059 | D:3      | Reached XP level 5. HP: 22/41 MP: 9/9
  2222 | D:3      | Found a runed translucent door.
  2222 | D:3      | Noticed Spaninq's ghost (amateur DjWz)
  2892 | D:4      | Noticed Duvessa
  2892 | D:4      | Noticed Dowan
  2955 | D:4      | Noticed Blork the orc
  2979 | D:4      | You fall into a shaft and drop 2 floors!
  3085 | D:6      | Found a staircase to the Ecumenical Temple.
  3095 | Temple   | Entered the Ecumenical Temple
  3304 | Temple   | Became a worshipper of Warmaster Okawaru
  3338 | D:6      | Reached XP level 6. HP: 44/47 MP: 10/10
  3410 | D:6      | Noticed an ice beast
  3426 | D:6      | Killed an ice beast
  3848 | D:6      | Reached XP level 7. HP: 26/55 MP: 11/11
  4103 | D:6      | Reached * piety under Okawaru
  4160 | D:6      | Gained mutation: You passively dampen the noise of your
                  | surroundings. [potion of mutation]
  4173 | D:6      | Reached skill level 5 in Fighting
  4173 | D:6      | Reached skill level 5 in Armour
  4475 | D:5      | Entered Level 5 of the Dungeon
  4613 | D:5      | Noticed a yak
  4651 | D:5      | Killed a yak
  4652 | D:5      | Reached skill level 5 in Shields
  4652 | D:5      | Reached XP level 8. HP: 55/62 MP: 12/12
  4715 | D:5      | Noticed a yak
  4715 | D:5      | Noticed a yak
  4743 | D:5      | Killed a yak
  4743 | D:5      | Reached ** piety under Okawaru
  4744 | D:5      | Reached skill level 1 in Axes
  4776 | D:5      | Slain by a yak

Illustrated notes

Levels and vault maps discovered:
D:1:      dpeg_arrival_houses_and_road, layout_basic
D:2:      layout_rooms, basic_ecumenical_altar, basic_altar
D:3:      layout_basic, gammafunk_ghost_grave, minmay_liquid_box, uniq_terence
D:4:      layout_rooms, uniq_duvessa, uniq_blork_the_orc
D:5:      layout_basic, serial_shops, shop, minmay_tree_intersection,
          minmay_hedge_maze
D:6:      layout_basic, minmay_temple_entry_antechambers, minmay_quadrilaterals
Temple:   minmay_crystal_snake_temple

Skill      XL: |  1  2  3  4  5  6  7  8 |
---------------+-------------------------+-----
Fighting       | 2 3 4 5 |  5.0
Armour         | 2 3 4 5 |  5.7
Shields        | 1 2 3 4 5 |  5.6
Invocations    | 2 |  2.0
Axes           | 1 |  1.7
Maces & Flails | |  3.0
Spellcasting   | |  3.2
Evocations     | |  2.1

Action                   |  1- 3 |  4- 6 |  7- 9 || total
-------------------------+-------+-------+-------++-------
Melee: Mace              |    79 |   114 |    73 ||   266
       Hand axe          |       |       |    37 ||    37
Invok: Heroism           |       |       |     3 ||     3
 Abil: Dig               |     2 |     1 |     2 ||     5
       Shaft Self        |       |     1 |       ||     1
Evoke: Wand              |       |     9 |     3 ||    12
  Use: Scroll            |     4 |     2 |     2 ||     8
       Potion            |       |       |     3 ||     3
Armor: Robe              |     3 |       |       ||     3
       Ring mail         |    34 |    13 |       ||    47
       Scale mail        |       |    29 |    39 ||    68
Dodge: Dodged            |    33 |    34 |    13 ||    80
Block: Kite shield       |    27 |    62 |    93 ||   182
       Reflection        |       |     1 |       ||     1

Table legend: (Time is in decaauts)
 A = Elapsed time spent in this place.
 B = Non-inter-level travel time spent in this place.
 C = Inter-level travel time spent in this place.
 D = Time resting spent in this place.
 E = Time spent auto-exploring this place.
 F = Levels seen in this place.
 G = Mean time per level.
                   A        B        C        D        E       F      G
               +--------+--------+--------+--------+--------+-----+--------+
         Total |   4896 |   4786 |    110 |    494 |   3320 |   7 |  699.4 |
       Dungeon |   4676 |   4613 |     63 |    494 |   3149 |   6 |  779.3 |
        Temple |    220 |    173 |     47 |      0 |    171 |   1 |  220.0 |
               +--------+--------+--------+--------+--------+-----+--------+

Top non-repeatable levels by time:
     D:6: 1308 daAuts
     D:1: 1260 daAuts
     D:3: 936 daAuts
     D:2: 800 daAuts
     D:5: 309 daAuts
  Temple: 220 daAuts
     D:4: 60 daAuts
